 Dungeon Crawl Stone Soup version 0.27-a0-972-gd1521fd518 (webtiles) character file.

Game seed: 17044547531495432825

88 Alarkh the Insei (level 4, 29/33 HPs)
             Began as a Demonspawn Transmuter on Apr 13, 2021.
             Got out of the dungeon alive.
             The game lasted 00:01:34 (1383 turns).

Alarkh the Insei (Demonspawn Transmuter)            Turns: 1383, Time: 00:01:35

Health: 29/33      AC:  4    Str: 11    XL:     4   Next: 30%
Magic:  7/7        EV: 12    Int: 15    God:
Gold:   69         SH:  0    Dex: 13    Spells: 4/8 levels left

rFire    . . .     SeeInvis .     - Unarmed
rCold    . . .     Faith    .   (no shield)
rNeg     . . .     Spirit   .   a - +0 robe
rPois    .         Reflect  .   (helmet restricted)
rElec    .         Harm     .   (no cloak)
rCorr    .         Rampage  .   (no gloves)
Will     .....                  (no boots)
Stlth    +.........             (no amulet)
HPRegen  0.11/turn              (no ring)
MPRegen  0.10/turn              (no ring)

@: no status effects
A: antennae 1, sharp scales 2
a: no special abilities


You escaped.
You visited 1 branch of the dungeon, and saw 2 of its levels.

You collected 69 gold pieces.

Inventory:

Missiles
 b - 13 poisoned darts
Armour
 a - a +0 robe (worn)
Scrolls
 c - a scroll of identify {unknown}
 d - 2 scrolls of magic mapping {unknown}
 e - a scroll of fog {unknown}
Potions
 f - a potion of heal wounds {unknown}


   Skills:
 + Level 2.0 Fighting
 - Level 1.7 Dodging
 * Level 3.6 Unarmed Combat
 + Level 2.5 Spellcasting
 + Level 2.4 Transmutations


You had 4 spell levels left.
You knew the following spells:

 Your Spells              Type           Power      Damage    Failure   Level
a - Beastly Appendage     Tmut           18%        N/A       8%          1
b - Spider Form           Tmut/Pois      2%         N/A       36%         3

Your spell library contained the following spells:

 Spells                   Type           Power      Damage    Failure   Level
 Wereblood                Tmut           9%         N/A       12%         2
 Ice Form                 Ice/Tmut       5%         N/A       77%         4
 Hydra Form               Tmut           4%         N/A       91%         5


Dungeon Overview and Level Annotations

Branches:
Dungeon (2/15)

Altars:


Innate Abilities, Weirdness & Mutations

You have a pair of small antennae on your head.
You are mostly covered in razor-sharp scales. (AC +2, Slay +2)


Message History

Natasha casts a spell at you. The magic dart hits you.
You barely miss Natasha.
Natasha is moderately wounded.
The crimson imp blinks!
Natasha stares at you and mumbles some strange words.
The magic dart hits you!
You barely miss Natasha.
Natasha is moderately wounded.
Natasha misses you.
You bite Natasha!
Natasha is almost dead.
You kill Natasha!
Natasha screams in fury as she dies!
Your Fighting skill increases to level 2!
You have reached level 4!
You feel stronger.
Your demonic ancestry asserts itself...
A pair of antennae grows on your head!
You climb upwards.
There is a stone staircase leading down here.
Your transformation has ended.
Your +0 robe unmelds from your body.
(D) Dungeon
Where to? (Enter - D:1 @ (x,y), ? - help)
Your magical contamination has completely faded away.
Magic restored.
You open the gate.
There is an open gate here.
There is an open gate here.
HP restored.
There is an open gate here.
There is an open gate here.
There is an open gate here.
There is an open gate here.
There is an open gate here.
There is a large open door here.
There is an open door here.
There is a staircase leading out of the dungeon here.
Are you sure you want to leave the Dungeon?
This will make you lose the game!
You have escaped!

........#.......'........#
......###.......'........#
.......##...##########...#
.......##...#...'....#...#
.......##...#...'....#...#
......###...#...'....#..(#
.....## #'''#''##....#...#
#...### #...#..###'''#'''#
......# #...#..'@#...#...#
#.##..# #...######...#...#
..##..# #......'.....#...#
...#..# #......'.....#...#
##.#..# #......'.....#...#
##.#..################...#
.......# #.'.........#
.#.#.#.#######.'.........#
.#.............'.........#


There were no monsters in sight!

Vanquished Creatures
  Natasha (D:2)
  A gnoll (D:1)
  An adder (D:2)
  A dart slug (D:1)
  11 ball pythons
  A bat (D:1)
  3 endoplasms
  3 giant cockroaches
  3 goblins
  2 hobgoblins (D:1)
  4 jackals (D:1)
  4 kobolds
  2 quokkas (D:1)
  2 frilled lizards (D:1)
  A rat (D:1)
40 creatures vanquished.

Notes
Turn   | Place    | Note
-------+----------+-------------------------------------------
     0 | D:1      | Alarkh the Demonspawn Transmuter began the quest for the
                  | Orb.
     0 | D:1      | Reached XP level 1. HP: 15/15 MP: 3/3
   130 | D:1      | Gained mutation: You are partially covered in razor-sharp
                  | scales. (AC +1, Slay +1) [demonic ancestry]
   130 | D:1      | Reached XP level 2. HP: 18/21 MP: 3/5
   160 | D:1      | Reached skill level 3 in Unarmed Combat
   343 | D:1      | Gained mutation: You are mostly covered in razor-sharp
                  | scales. (AC +2, Slay +2) [demonic ancestry]
   343 | D:1      | Reached XP level 3. HP: 16/26 MP: 4/6
  1069 | D:2      | Noticed Natasha
  1092 | D:1      | Learned a level 3 spell: Spider Form
  1276 | D:2      | Killed Natasha
  1277 | D:2      | Gained mutation: You have a pair of small antennae on your
                  | head. [demonic ancestry]
  1277 | D:2      | Reached XP level 4. HP: 18/33 MP: 1/7
  1383 | D:$      | Got out of the dungeon alive.

Illustrated notes

Levels and vault maps discovered:
D:1:      minmay_arrival_widening_spiral_wide, layout_loops_ring
D:2:      layout_loops_ring, hellmonk_ecumenical_altar_zigzags, uniq_natasha

Skill      XL: |  1  2  3 |
---------------+----------+-----
Unarmed Combat | 3 |  3.6
Transmutations | 2 |  2.4
Fighting       | 2 |  2.0
Dodging        | |  1.7
Spellcasting   | |  2.5

Action                   |  1- 3 |  4- 6 || total
-------------------------+-------+-------++-------
Melee: Unarmed           |   104 |       ||   104
       Kick              |    22 |       ||    22
       Headbutt          |    10 |       ||    10
       Punch             |     2 |       ||     2
 Cast: Beastly Appendage |    21 |       ||    21
       Spider Form       |     1 |       ||     1
Armor: Robe              |    21 |       ||    21
Dodge: Dodged            |    73 |       ||    73

Table legend: (Time is in decaauts)
 A = Elapsed time spent in this place.
 B = Non-inter-level travel time spent in this place.
 C = Inter-level travel time spent in this place.
 D = Time resting spent in this place.
 E = Time spent auto-exploring this place.
 F = Levels seen in this place.
 G = Mean time per level.
                   A        B        C        D        E       F      G
               +--------+--------+--------+--------+--------+-----+--------+
         Total |   1378 |   1255 |    123 |    173 |    843 |   2 |  689.0 |
       Dungeon |   1378 |   1255 |    123 |    173 |    843 |   2 |  689.0 |
               +--------+--------+--------+--------+--------+-----+--------+

Top non-repeatable levels by time:
     D:1: 1131 daAuts
     D:2: 247 daAuts
